 Dungeon Crawl Stone Soup version 0.21.1-1-g345015f (webtiles) character file.

10 inc the Vexing (level 2, 0/11 HPs)
             Began as a Felid Enchanter on Mar 16, 2018.
             Slain by a goblin
             ... wielding a +0 dagger
              (5 damage)
             ... on level 1 of the Dungeon.
             The game lasted 00:00:51 (227 turns).

inc the Vexing (Felid Enchanter)                     Turns: 227, Time: 00:00:51

Health: 0/11       AC:  1    Str:  4    XL:     2   Next: 10%
Magic:  1/6        EV: 18    Int: 16    God:
Gold:   47         SH:  0    Dex: 16    Spells: 2/5 levels left
                                        Lives:  0   Deaths: 0

rFire    . . .     SeeInvis +     - Unarmed
rCold    . . .     Gourm    .   (shield unavailable)
rNeg     . . .     Faith    .   (armour unavailable)
rPois    .         Spirit   .   (helmet unavailable)
rElec    .         Reflect  .   (cloak unavailable)
rCorr    .         Harm     .   (gloves unavailable)
MR       .....                  (boots unavailable)
Stlth    +++.......             (no amulet)
HPRegen  0.03/turn              (no ring)
MPRegen  0.10/turn              (no ring)

@: quick
A: very small, no armour, no weapons or thrown items, stealth, claws 1, fangs 3,
see invisible, carnivore, speed 1, shaggy fur 1, slow metabolism 1, sharp paws
a: no special abilities


You were on level 1 of the Dungeon.
You were not hungry.

You visited 1 branch of the dungeon, and saw 1 of its levels.

You collected 47 gold pieces.

Inventory:

Scrolls
 c - a scroll of remove curse {unknown}
Books
 a - a book of Maledictions

   Spells                             Type                      Level
   a - Corona                         Hexes                        1
   b - Ensorcelled Hibernation        Hexes/Ice                    2
   c - Confuse                        Hexes                        3
   d - Tukima's Dance                 Hexes                        3
   e - Dazzling Spray                 Conjuration/Hexes            3
Comestibles
 b - a ration


   Skills:
 - Level 2.6 Dodging
 - Level 4.0 Stealth
 + Level 2.2 Unarmed Combat
 - Level 2.0 Spellcasting
 - Level 4.4 Hexes


You had 2 spell levels left.
You knew the following spells:

 Your Spells              Type           Power        Failure   Level  Hunger
a - Corona                Hex            ###....      3%          1    #......
b - Ensorcelled Hibernat  Hex/Ice        #.....       13%         2    ###....


Dungeon Overview and Level Annotations

Branches:
Dungeon (1/15)

Altars:


Innate Abilities, Weirdness & Mutations

You cannot wear armour.
You are incapable of wielding weapons or throwing items.
Your paws allow you to move quietly. (Stealth)
You have sharp claws.
You have razor-sharp teeth.
You have supernaturally acute eyesight. (SInv)
You are carnivorous and can eat meat at any time.
You cover ground quickly.
You are covered in fur. (AC +1)
You have a slow metabolism.
Your sharp claws are effective at attacking unaware monsters.


Message History

You see here a leopard gecko corpse.
Things that are here:
a dagger; 2 stones; a kobold corpse You see here a stone.
Your magical contamination has completely faded away.
Casting: Ensorcelled Hibernation
Confirm with . or Enter, or press ? or * to list all spells.
Aiming: Ensorcelled Hibernation
Press: ? - help, Shift-Dir - straight line, f/p - goblin
Aim: a goblin, wielding a dagger (chance to defeat MR: 57%)
The goblin looks drowsy...
The goblin completely misses you.
You scratch the goblin but do no damage.
The goblin completely misses you.
You scratch the goblin but do no damage.
Your bite misses the goblin. The goblin hits you with a dagger.
You closely miss the goblin. Your bite misses the goblin.
The goblin hits you with a dagger.
You barely miss the goblin. The goblin hits you with a dagger.
You die...

# ### # .. . #. # #.## # #..#
#
######################.######
#...#.......@g....(......)...
#.#.#'#################.#####
#.#.........# ....# #
#.#.#.........# ##..... .
#.#.#.........# ........
#.#.#.......... ##.......
#.#.#.......... ........
#.#.#.......### ##.#####
#.#.#.#.###.#


You could see a goblin.

Vanquished Creatures
  2 dart slugs (D:1)
  A leopard gecko (D:1)
  A hobgoblin (D:1)
  A frilled lizard (D:1)
  A kobold (D:1)
6 creatures vanquished.

Notes
Turn   | Place    | Note
-------+----------+-------------------------------------------
     0 | D:1      | inc the Felid Enchanter began the quest for the Orb.
     0 | D:1      | Reached XP level 1. HP: 7/7 MP: 4/4
   126 | D:1      | Reached XP level 2. HP: 9/11 MP: 6/6
   130 | D:1      | Learned a level 2 spell: Ensorcelled Hibernation
   227 | D:1      | Slain by a goblin

Skill      XL: |  1 |
---------------+----+-----
Unarmed Combat | 2 |  2.2
Dodging        | |  2.6
Stealth        | |  4.0
Spellcasting   | |  2.0
Hexes          | |  4.4

Action                   || total
-------------------------++-------
Melee: Unarmed           ||    32
       Bite              ||     2
 Cast: Ensorcelled Hiber ||     3
 Stab: Sleeping          ||     1
Armor: Skin              ||     2
Dodge: Dodged            ||    23
